 Dungeon Crawl Stone Soup version 0.27-a0-637-g3a9f0a9c12 (webtiles) character file.

Game seed: 16278195905766808228

21 Allula97 the Scratcher (level 2, -6/12 HPs)
             Began as a Felid Transmuter on Mar 14, 2021.
             Mangled by a gnoll
             ... wielding a +2 spear of distortion
              (8 damage)
             ... on level 1 of the Dungeon.
             The game lasted 00:03:58 (1363 turns).

Allula97 the Scratcher (Felid Transmuter)           Turns: 1363, Time: 00:03:59

Health: -6/12      AC:  1    Str:  6    XL:     2   Next: 65%
Magic:  5/6        EV: 17    Int: 14    God:
Gold:   42         SH:  0    Dex: 16    Spells: 2/5 levels left
                                        Lives:  0   Deaths: 0

rFire    . . .     SeeInvis +     - Unarmed
rCold    . . .     Faith    .   (shield unavailable)
rNeg     . . .     Spirit   .   (armour unavailable)
rPois    .         Reflect  .   (helmet unavailable)
rElec    .         Harm     .   (cloak unavailable)
rCorr    .         Rampage  .   (gloves unavailable)
Will     .....                  (boots unavailable)
Stlth    ++........             (no amulet)
HPRegen  0.04/turn              (no ring)
MPRegen  0.10/turn              (no ring)

@: appendages (expiring), quick
A: horns 2, very small, claws 1, fangs 3, see invisible, speed 1, shaggy fur 1,
stealthy paws, no weapons or thrown items, no armour, multi-lived
a: End Transformation


You were on level 1 of the Dungeon.
You had temporarily grown beastly horns.
You visited 1 branch of the dungeon, and saw 1 of its levels.

You collected 42 gold pieces.

Inventory:

Armour
 a - +0 ice dragon scales
Scrolls
 c - 2 scrolls of identify {unknown}
Potions
 d - a potion of attraction {unknown}


   Skills:
 * Level 1.1 Fighting
 * Level 2.9 Dodging
 * Level 0.8 Stealth
 * Level 3.3 Unarmed Combat
 * Level 2.2 Spellcasting
 * Level 2.6 Transmutations


You had 2 spell levels left.
You knew the following spells:

 Your Spells              Type           Power      Damage    Failure   Level
a - Beastly Appendage     Tmut           16%        N/A       9%          1
b - Wereblood             Tmut           8%         N/A       12%         2

Your spell library contained the following spells:

 Spells                   Type           Power      Damage    Failure   Level
 Spider Form              Tmut/Pois      2%         N/A       38%         3
 Ice Form                 Ice/Tmut       5%         N/A       80%         4
 Blade Hands              Tmut           4%         N/A       92%         5


Dungeon Overview and Level Annotations

Branches:
Dungeon (1/15)

Altars:


Innate Abilities, Weirdness & Mutations

You have temporarily grown beastly horns.
You have sharp claws.
You have razor-sharp teeth.
You have supernaturally acute eyesight. (SInv)
You cover ground quickly. (Speed+)
You are covered in fur. (AC +1)
Your stealthy paws help you sneak and pounce on unaware monsters.
You are incapable of wielding weapons or throwing items.
You cannot wear armour.
You gain extra lives every three experience levels.


Message History

A hobgoblin comes into view. It is wielding a +0 club.
A hobgoblin is nearby!
The hobgoblin shouts!
The hobgoblin hits you with a +0 club.
You scratch the hobgoblin.
The hobgoblin is almost dead.
The hobgoblin barely misses you.
You scratch the hobgoblin.
You kill the hobgoblin!
Found 13 gold pieces.
You see here a +0 club.
You now have 29 gold pieces (gained 13).
Found a robe.
A gnoll comes into view.
It is wielding a +2 spear of distortion.
The gnoll shouts!
Found a scroll labelled PIT NANGEYK.
You see here 13 gold pieces.
You now have 42 gold pieces (gained 13).
A hobgoblin comes into view. It is wielding a +0 club.
You grow a pair of large bovine horns.
Your transformation is almost over.
The gnoll completely misses you. The gnoll misses you.
You scratch the gnoll.
The gnoll is heavily wounded.
The gnoll closely misses you.
You closely miss the gnoll. Your headbutt misses the gnoll.
The gnoll is heavily wounded.
The gnoll misses you.
You scratch the gnoll but do no damage.
The gnoll is heavily wounded.
The gnoll hits you with a +2 spear of distortion!
Ouch! That really hurt!
Space bends around you.
* * * LOW HITPOINT WARNING * * *
You scratch the gnoll.
The gnoll is severely wounded.
The gnoll hits you with a +2 spear of distortion!
Ouch! That really hurt!
You die...

#.. #.# ##..##.#
....##.# # #..##.#
#.###..##.# #########
..........#####........
##.##...##.#............
..?.....................
#.[#..@####............
#.gg# #......###.##
......# #......###.#
#....... ............#
#..#...#.###.#######.#
....#...#.###.#######.##
... ....................
.. .................).##
.###.##.######


You could see a gnoll and a hobgoblin.

Vanquished Creatures
  A giant cockroach (D:1)
  2 goblins (D:1)
  5 hobgoblins (D:1)
  3 jackals (D:1)
  2 frilled lizards (D:1)
  4 kobolds (D:1)
  2 rats (D:1)
19 creatures vanquished.

Notes
Turn   | Place    | Note
-------+----------+-------------------------------------------
     0 | D:1      | Allula97 the Felid Transmuter began the quest for the Orb.
     0 | D:1      | Reached XP level 1. HP: 9/9 MP: 4/4
   819 | D:1      | Reached XP level 2. HP: 12/12 MP: 4/6
   827 | D:1      | Learned a level 2 spell: Wereblood
  1363 | D:1      | Mangled by a gnoll

Illustrated notes

Levels and vault maps discovered:
D:1:      nzn_arrival_water_spiral, layout_basic

Action                   || total
-------------------------++-------
Melee: Unarmed           ||    47
       Headbutt          ||     6
       Bite              ||     1
 Cast: Beastly Appendage ||     9
       Wereblood         ||     1
  Use: Potion            ||     1
 Stab: Sleeping          ||     1
Dodge: Dodged            ||    32

Table legend: (Time is in decaauts)
 A = Elapsed time spent in this place.
 B = Non-inter-level travel time spent in this place.
 C = Inter-level travel time spent in this place.
 D = Time resting spent in this place.
 E = Time spent auto-exploring this place.
 F = Levels seen in this place.
 G = Mean time per level.
                   A        B        C        D        E       F      G
               +--------+--------+--------+--------+--------+-----+--------+
         Total |   1248 |   1248 |      0 |    172 |    800 |   1 | 1248.0 |
       Dungeon |   1248 |   1248 |      0 |    172 |    800 |   1 | 1248.0 |
               +--------+--------+--------+--------+--------+-----+--------+

Top non-repeatable levels by time:
     D:1: 1248 daAuts
